 Dungeon Sprint DCSS version 0.21-a0-8-gcf94df6 (webtiles) character file.

210 Naow the Cleaver (level 6, -14/56 HPs)
             Began as a Formicid Fighter on May 23, 2017.
             Was an Initiate of Okawaru.
             Demolished by a two-headed ogre
             ... wielding a +0 giant club
              (23 damage)
             ... in the Dungeon (Sprint IX: "|||||||||||||||||||||||||||||").
             The game lasted 00:02:00 (330 turns).

Naow the Cleaver (Formicid Fighter)                  Turns: 330, Time: 00:02:00

Health: -14/56     AC:  8    Str: 26    XL:     6   Next: 12%
Magic:  6/6        EV:  8    Int:  7    God:    Okawaru [......]
Gold:   0          SH: 10    Dex: 13    Spells: 5/5 levels left

rFire    . . .     SeeInvis +   r - +1 broad axe (chop)
rCold    . . .     Gourm    .   c - +0 shield
rNeg     . . .     Faith    .   p - +2 ring mail
rPois    .         Spirit   .   (helmet unavailable)
rElec    .         Reflect  .   (no cloak)
rCorr    .         Harm     .   q - +0 pair of gloves
MR       .....                  (no boots)
Stlth    +.........             (no amulet)
Regen    0.2/turn               s - +3 ring of strength
MPRegen  0.1/turn               t - +3 ring of dexterity

@: no status effects
A: permanent stasis, dig shafts and tunnels, four strong arms, antennae 3
a: Dig, Renounce Religion


You were in the Dungeon.
You worshipped Okawaru.
Okawaru was noncommittal.
You were not hungry.

You visited 1 branch

Inventory:

Hand Weapons
 a - a +0 war axe
 r - a +1 broad axe of chopping (weapon)
Armour
 b - a +0 scale mail
 c - a +0 shield (worn)
 p - a +2 ring mail (worn)
 q - a +0 pair of gloves (worn)
Jewellery
 s - a +3 ring of strength (left hand)
 t - a +3 ring of dexterity (right hand)
Wands
 o - a wand of lightning (7/15)
Scrolls
 k - 2 scrolls of blinking
 m - 3 scrolls of remove curse
 n - 2 scrolls of amnesia
Potions
 d - a potion of invisibility
 e - 5 potions of curing
 g - 3 potions of heal wounds
 h - a potion of haste
 i - 4 potions of magic
 j - a potion of berserk rage
Comestibles
 f - a bread ration


   Skills:
 + Level 8.0 Fighting
 * Level 9.6 Axes
 - Level 3.2 Armour
 - Level 3.6 Shields
 + Level 0.5 Invocations


You had 5 spell levels left.
You didn't know any spells.

Dungeon Overview and Level Annotations

Branches:
Dungeon (1/1)

Altars:
Cheibriados
Dithmenos
Elyvilon
Fedhas
Gozag
Hepliaklqana
Kikubaaqudgha
Makhleb
Nemelex Xobeh
Okawaru
Qazlal
Ru
Sif Muna
Trog
Uskayaw
Vehumet
Wu Jian
Xom
Yredelemnul
Zin
The Shining One
Beogh
Jiyva
Lugonu


Innate Abilities, Weirdness & Mutations

You cannot be hasted, slowed, berserked, paralysed or teleported.
You can dig through walls and to a lower floor.
Your four strong arms can wield two-handed weapons with a shield.
You have a pair of large antennae on your head. (SInv)


Message History

The two-headed ogre is lightly wounded.
The two-headed ogre hits you with a giant club!!
You block the two-headed ogre's attack.
You slash the two-headed ogre!
The two-headed ogre is moderately wounded.
The two-headed ogre barely misses you.
The two-headed ogre hits you but does no damage.
You slice the two-headed ogre!!
The two-headed ogre is severely wounded.
You block the two-headed ogre's attack. x2
You closely miss the two-headed ogre.
The two-headed ogre is severely wounded.
You block the two-headed ogre's attack.
The two-headed ogre hits you with a giant spiked club!
You slash the two-headed ogre!
The two-headed ogre is almost dead.
The two-headed ogre hits you with a giant club!
* * * LOW HITPOINT WARNING * * *
The two-headed ogre hits you with a giant spiked club!!
You die...

▓.▓
▓.▓
▓.▓
▓c▓
▓J▓
▓s▓
▓O▓
▓@▓
{
▓.▓
{
▓.▓
{
▓.▓
{
▓[▓
{
▓)▓
{
▓|▓
{
▓.▓
{
▓.▓


You could see a two-headed ogre, a centaur, a scorpion and a jelly.

Vanquished Creatures
  An ogre (D)
  A crimson imp (D)
  A jelly (D)
  2 worker ants (D)
  An adder (D)
  A leopard gecko (D)
  A hobgoblin (D)
  2 frilled lizards (D)
  A kobold (D)
  A rat (D)
12 creatures vanquished.

Notes
Turn   | Place    | Note
-------+----------+-------------------------------------------
     0 | D        | Naow the Formicid Fighter began the quest for the Orb.
     0 | D        | Reached XP level 1. HP: 18/18 MP: 1/1
    12 | D        | Reached skill level 3 in Axes
    50 | D        | Noticed a worker ant
    50 | D        | Noticed an ogre
    50 | D        | Noticed a crimson imp
    50 | D        | Noticed a worker ant
    54 | D        | Killed a crimson imp
    54 | D        | Reached skill level 5 in Fighting
    54 | D        | Reached skill level 5 in Axes
    54 | D        | Reached XP level 2. HP: 27/27 MP: 2/2
    54 | D        | Reached XP level 3. HP: 33/33 MP: 3/3
    56 | D        | Reached skill level 6 in Axes
    56 | D        | Reached XP level 4. HP: 40/40 MP: 4/4
    66 | D        | Killed an ogre
    66 | D        | Reached skill level 8 in Axes
    66 | D        | Reached XP level 5. HP: 20/48 MP: 5/5
    67 | D        | Reached skill level 9 in Axes
   243 | D        | Found a roughly hewn altar of Beogh.
   243 | D        | Found a snail-covered altar of Cheibriados.
   243 | D        | Found a shadowy altar of Dithmenos.
   243 | D        | Found a white marble altar of Elyvilon.
   243 | D        | Found a blossoming altar of Fedhas.
   243 | D        | Found an opulent altar of Gozag.
   244 | D        | Found a hazy altar of Hepliaklqana.
   245 | D        | Found a viscous altar of Jiyva.
   246 | D        | Found an ancient bone altar of Kikubaaqudgha.
   247 | D        | Found a corrupted altar of Lugonu.
   248 | D        | Found a burning altar of Makhleb.
   249 | D        | Found a sparkling altar of Nemelex Xobeh.
   250 | D        | Found an iron altar of Okawaru.
   251 | D        | Found a stormy altar of Qazlal.
   252 | D        | Found a sacrificial altar of Ru.
   253 | D        | Found a deep blue altar of Sif Muna.
   254 | D        | Found a bloodstained altar of Trog.
   255 | D        | Found a hide-covered altar of Uskayaw.
   256 | D        | Found a radiant altar of Vehumet.
   257 | D        | Found an ornate altar of the Wu Jian Council.
   258 | D        | Found a shimmering altar of Xom.
   260 | D        | Became a worshipper of Warmaster Okawaru
   262 | D        | Found a basalt altar of Yredelemnul.
   263 | D        | Found a glowing silver altar of Zin.
   264 | D        | Found a glowing golden altar of the Shining One.
   315 | D        | Noticed a two-headed ogre
   315 | D        | Noticed a centaur
   317 | D        | Reached XP level 6. HP: 53/56 MP: 6/6
   330 | D        | Demolished by a two-headed ogre

Vault maps used:
D:        linesprint

Skill      XL: |  1  2  3  4  5  6 |
---------------+-------------------+-----
Axes           | 5 6 8 9 |  9.6
Fighting       | 5 7 8 |  8.0
Armour         | |  3.2
Shields        | |  3.6
Invocations    | |  0.5

Action                   |  1- 3 |  4- 6 || total
-------------------------+-------+-------++-------
Melee: War axe           |    16 |    11 ||    27
       Broad axe         |       |    15 ||    15
  Use: Potion            |     1 |       ||     1
Armor: Scale mail        |     9 |     3 ||    12
       Ring mail         |       |     2 ||     2
Dodge: Dodged            |     1 |     8 ||     9
Block: Shield            |     8 |    11 ||    19
